 Dungeon Crawl Stone Soup version 0.19.0-9-gfd783f2 (webtiles) character file.

1929 MovingMist the Basher (level 8, -1/71 HPs)
             Began as a Mottled Draconian Gladiator on Nov 7, 2016.
             Was a Believer of Okawaru.
             Slain by a wight
             ... wielding a +0 war axe
              (5 damage)
             ... on level 6 of the Dungeon.
             The game lasted 00:15:33 (5499 turns).

MovingMist the Basher (Mottled Draconian Gladiator) Turns: 5499, Time: 00:15:34

Health: -1/71      AC:  7    Str: 19    XL:     8   Next: 96%
Magic:  7/8        EV: 14    Int: 14    God:    Okawaru [**....]
Gold:   230        SH:  0    Dex: 13    Spells: 1 memorised, 4 levels left

rFire  . . .     SeeInvis .     B - +1 whip (flame)
rCold  . . .     Gourm    .     (armour unavailable)
rNeg   . . .     Faith    .     (no shield)
rPois  .         Spirit   .     b - +0 hat
rElec  .         Reflect  .     (no cloak)
rCorr  +         Harm     .     v - +0 pair of gloves
MR     .....                    (no boots)
Stlth  +.........               (no amulet)
                                x - ring of resist corrosion
                                o - +6 ring of intelligence

@: short of breath, heavily drained
A: breathe sticky flame splash, unfitting armour, cold-blooded, AC +6
a: Breathe Sticky Flame, Heroism, Renounce Religion


You were on level 6 of the Dungeon.
You worshipped Okawaru.
Okawaru was pleased with you.
You were not hungry.

You visited 1 branch of the dungeon, and saw 6 of its levels.

You collected 230 gold pieces.

Inventory:

Hand Weapons
 a - a +0 long sword
 B - a +1 whip of flaming (weapon)
Missiles
 c - 4 throwing nets (quivered)
Armour
 b - a +0 hat (worn)
 v - a +0 pair of gloves (worn)
Jewellery
 i - an uncursed ring of protection from magic {unknown}
 o - a +6 ring of intelligence (left hand)
 x - a ring of resist corrosion (right hand)
 A - a +1 ring of protection {unknown}
Wands
 y - a wand of flame (26/48)
Scrolls
 e - 10 scrolls of identify {unknown}
 f - a scroll of enchant armour {unknown}
 k - 4 scrolls of remove curse {unknown}
 m - a scroll of recharging {unknown}
 n - a scroll of fog {unknown}
 s - 2 scrolls of immolation {unknown}
 u - a scroll of teleportation {unknown}
Potions
 g - a potion of might {unknown}
 j - a potion of resistance {unknown}
 t - a potion of invisibility {unknown}
 w - 2 potions of mutation {unknown}
 z - a potion of cancellation {unknown}
 C - a potion of cure mutation {unknown}
 D - 2 potions of heal wounds
 E - a potion of curing
Books
 q - a book of Maledictions

   Spells                             Type                      Level
   a - Corona                         Hexes                        1
   b - Ensorcelled Hibernation        Hexes/Ice                    2
   c - Confuse                        Hexes                        3
   d - Tukima's Dance                 Hexes                        3
   e - Dazzling Spray                 Conjuration/Hexes            3
Comestibles
 d - 3 bread rations
 l - 2 beef jerkies
 p - 5 meat rations
 r - 2 fruits


   Skills:
 + Level 6.8(5.1) Fighting
 - Level 3.2(1.7) Long Blades
 * Level 8.0(6.3) Maces & Flails
 - Level 1.7(0.3) Throwing
 + Level 6.0(4.4) Dodging


You had 4 spell levels left.
You knew the following spells:

 Your Spells              Type           Power        Failure   Level  Hunger
a - Tukima's Dance        Hex            #.......     83%         3    ####...


Dungeon Overview and Level Annotations

Branches:
Dungeon (6/15)
 Temple: D:4-7

Altars:
Ashenzari
Elyvilon
Hepliaklqana
Makhleb
Nemelex Xobeh
Okawaru
Qazlal
Sif Muna
Uskayaw
Xom


Innate Abilities, Weirdness & Mutations

You can spit globs of burning liquid.
You can ignite nearby creatures when you spit burning liquid.
Your weird mottled scales are hard. (AC +6)
You cannot fit into any form of body armour.
You are cold-blooded and may be slowed by cold attacks.


Message History

The wight hits you with a war axe.
* * * LOW HITPOINT WARNING * * *
You closely miss the wight.
The wight is moderately damaged.
You closely miss the wight.
The wight is moderately damaged.
The wight completely misses you.
You closely miss the wight.
The wight is moderately damaged.
You closely miss the wight.
The wight is moderately damaged.
The wight closely misses you.
You hit the wight. You burn the wight.
You tail-slap the wight, but do no damage.
The wight is heavily damaged.
You barely miss the wight.
Your tail-slap misses the wight.
The wight is heavily damaged.
You feel like a meek peon again. The wight hits you with a war axe.
You die...

...# #..# ##.#......<.# #
.....#..#####...###.##†# #
.#.#.#....#.......#....# #
.......................# #
.#.#.#.......##<.....).########
.....'....#..###..#)#..........
..###..............().........
######..###..#.#).........
#..z@................
#..###.#...##........ #..#
#.#.............
#..###.#..###.##...#.
#.......)......#.....
#...).....##..##.....
#.....###.#.. #.#... #.......
.. #.#... #.....### ... #.#...


You could see a wight.

Vanquished Creatures
  Pikel (D:5)
  An ogre (D:4)
  A sky beast (D:5)
  2 phantoms
  The ghost of newuser the Digger, an amateur DgEE (D:3)
  A bullfrog (D:6)
  3 scorpions
  3 wights (D:6)
  A crimson imp (D:5)
  A hound (D:6)
  Crazy Yiuf (D:5)
  4 orc priests
  A jelly (D:6)
  Natasha (thrice) (D:3)
  2 iguanas (D:5)
  An orc wizard (D:6)
  A bullfrog skeleton (D:4)
  A worker ant (D:5)
  2 hound skeletons
  9 adders
  3 gnolls (D:2)
  An ooze (D:3)
  2 adder skeletons
  3 worms
  5 dart slugs
  4 leopard geckos
  11 orcs
  6 bats (D:1)
  6 giant cockroaches
  6 goblins
  6 hobgoblins (D:1)
  4 jackals (D:1)
  7 kobolds
  A quokka (D:2)
  4 ball pythons
  4 frilled lizards
  A quokka skeleton (D:6)
  7 rats
121 creatures vanquished.

Vanquished Creatures (others)
  Sigmund (D:5)
  2 slaves (D:5)
  An orc warrior (D:5)
  A bullfrog skeleton (D:5)
  A worker ant (D:5)
  An adder (D:5)
  An orc (D:5)
8 creatures vanquished.

Grand Total: 129 creatures vanquished

Notes
Turn   | Place    | Note
-------+----------+-------------------------------------------
     0 | D:1      | MovingMist the Draconian Gladiator began the quest for the Orb.
     0 | D:1      | Reached XP level 1. HP: 17/17 MP: 1/1
    89 | D:1      | Reached XP level 2. HP: 20/25 MP: 2/2
   423 | D:1      | Reached XP level 3. HP: 29/30 MP: 3/3
   798 | D:2      | Found a stormy altar of Qazlal.
   798 | D:2      | Found a shattered altar of Ashenzari.
   798 | D:2      | Found a burning altar of Makhleb.
   798 | D:2      | Found a deep blue altar of Sif Muna.
   798 | D:2      | Found a hide-covered altar of Uskayaw.
   798 | D:2      | Found an iron altar of Okawaru.
   826 | D:2      | Became a worshipper of Uskayaw the Reveler
   874 | D:2      | Reached skill level 1 in Maces & Flails
  1126 | D:2      | Found a hazy altar of Hepliaklqana.
  1127 | D:2      | Found a shimmering altar of Xom.
  1127 | D:2      | Noticed a wyvern
  1128 | D:2      | Noticed a wyvern
  1128 | D:2      | Noticed a spectral ugly thing
  1160 | D:2      | Reached * piety under Uskayaw
  1230 | D:2      | Reached XP level 4. HP: 18/38 MP: 4/4
  1625 | D:2      | Reached skill level 2 in Maces & Flails
  1967 | D:3      | Noticed Natasha
  1978 | D:3      | Killed Natasha
  1980 | D:3      | Reached ** piety under Uskayaw
  1995 | D:3      | Reached XP level 5. HP: 45/45 MP: 5/5
  2014 | D:3      | Learned a level 3 spell: Tukima's Dance
  2050 | D:3      | Noticed Natasha
  2058 | D:3      | Killed Natasha
  2072 | D:3      | Noticed Natasha
  2081 | D:3      | Killed Natasha
  2081 | D:3      | Reached skill level 3 in Maces & Flails
  2281 | D:3      | Noticed newuser's ghost (amateur DgEE)
  2307 | D:3      | Reached *** piety under Uskayaw
  2309 | D:3      | Killed newuser's ghost
  2309 | D:3      | Reached XP level 6. HP: 30/52 MP: 6/6
  2954 | D:2      | Fell from the grace of Uskayaw
  2978 | D:2      | Became a worshipper of Warmaster Okawaru
  3157 | D:4      | Reached skill level 4 in Maces & Flails
  3492 | D:4      | Reached * piety under Okawaru
  3492 | D:4      | Your scales start taking on a weird mottled colour.
  3492 | D:4      | Reached XP level 7. HP: 38/60 MP: 7/7
  3805 | D:5      | Entered Level 5 of the Dungeon
  3870 | D:5      | Reached skill level 5 in Maces & Flails
  3898 | D:5      | Reached skill level 5 in Fighting
  3944 | D:5      | Found a white marble altar of Elyvilon.
  4115 | D:5      | Reached skill level 5 in Dodging
  4283 | D:5      | Found a sparkling altar of Nemelex Xobeh.
  4393 | D:5      | Noticed Pikel
  4412 | D:5      | Killed Pikel
  4412 | D:5      | Reached skill level 6 in Maces & Flails
  4412 | D:5      | Reached XP level 8. HP: 9/70 MP: 8/8
  4416 | D:5      | HP: 1/70 [orc/flail (4)]
  4429 | D:5      | Reached skill level 7 in Maces & Flails
  4502 | D:5      | Noticed Sigmund
  4513 | D:5      | Killed Sigmund
  4773 | D:5      | Found a runed door.
  4777 | D:5      | Noticed Crazy Yiuf
  4785 | D:5      | Killed Crazy Yiuf
  5025 | D:6      | Reached ** piety under Okawaru
  5489 | D:6      | Reached skill level 8 in Maces & Flails
  5493 | D:6      | HP: 3/71 [wight/war axe (2)]
  5499 | D:6      | Slain by a wight

Skill      XL: |  1  2  3  4  5  6  7  8 |
---------------+-------------------------+-----
Dodging        | 3 4 5 6 |  6.0
Fighting       | 3 4 6 |  6.8
Maces & Flails | 1 2 3 4 6 8 |  8.0
Long Blades    | |  3.2
Throwing       | |  1.7

Action                   |  1- 3 |  4- 6 |  7- 9 || total
-------------------------+-------+-------+-------++-------
Melee: Long sword        |    38 |       |       ||    38
       Tailslap          |    17 |    22 |    29 ||    68
       Whip              |    75 |   181 |   225 ||   481
Throw: Throwing net      |       |       |     2 ||     2
Invok: Renounce Religion |       |     1 |       ||     1
       Heroism           |       |       |     1 ||     1
 Abil: Breathe Sticky Fl |       |       |     2 ||     2
  Use: Potion            |       |       |     3 ||     3
 Stab: Paralysed         |       |     1 |       ||     1
       Sleeping          |       |     1 |       ||     1
  Eat: Chunk             |     1 |     7 |     7 ||    15
Armor: Skin              |    29 |    36 |    47 ||   112
Dodge: Dodged            |    85 |   103 |   145 ||   333
       Rpst.: Long sword |    10 |       |       ||    10
